AoeStats
← Eärnur

MegaRandom

510187591Analyzed
2v2 RM · 1d ago on Sep 29, 2026· 16m 33s· 4 players
Game mode
Random Map
Map size
Medium (4 player)
Population
200
Speed
Normal
Resources
Standard
Victory
Conquest
Starting age
Dark Age
Ending age
Imperial Age
RankedLock teamsTeams togetherTeam positionsShared explorationLock speedFull tech treeHidden civsTurbo modeCheats
Victory
Defeat
🇹🇷 Khmer · Türkiye
1825
+4
🇪🇨 Hindustanis · Ecuador
1821
+4
🇲🇽 Vietnamese · Mexico
1608
-6
🇺🇸 Turks · United States
1361
-2
EL MAYA
11:39 Feudal Age
9:57 Loom
11:42 Feudal Age
15:04 Wheelbarrow
Underwear
8:13 Feudal Age
9:19 Double-Bit Axe
9:32 Horse Collar
14:40 Loom
Kukuro
7:03 Loom
9:53 Feudal Age
10:40 Double-Bit Axe
14:53 Fletching
Eärnur
5:52 Loom
8:31 Feudal Age
9:00 Double-Bit Axe
9:00 Horse Collar
14:21 Scale Barding Armor
16:17 Town Watch
Connection lost

Rejoining the realm…

Still unreachable

The connection could not be restored.

Session expired

The server has moved on; the page needs a fresh start.